AoeStats
← Dd

Arena

509860781Analyzed
4v4 RM · 3d ago on Sep 28, 2026· 58m 39s· 8 players
Game mode
Random Map
Map size
Large (8 player)
Population
200
Speed
Normal
Resources
Standard
Victory
Conquest
Starting age
Dark Age
Ending age
Imperial Age
RankedLock teamsTeams togetherTeam positionsShared explorationLock speedFull tech treeHidden civsTurbo modeCheats
Victory
Defeat
🇰🇷 Italians · South Korea
1396
+16
🇯🇵 Mongols · Japan
1378
+16
🇨🇳 Bulgarians · China
1340
+18
🇨🇳 Spanish · China
1331
+18
🇸🇪 Cumans · Sweden
1479
-21
🇨🇳 Franks · China
1455
-20
🇹🇼 Spanish · Taiwan
1319
-14
🇻🇳 Vietnamese · Vietnam
1280
-13
Nekomi
10:39 Feudal Age
14:30 Castle Age
12:25 Horse Collar
12:34 Double-Bit Axe
15:45 Bow Saw
16:57 Wheelbarrow
17:55 Loom
21:36 Bloodlines
22:07 Scale Barding Armor
22:25 Gold Mining
22:56 Heavy Plow
23:06 Stone Mining
25:45 Hand Cart
26:44 Stone Shaft Mining
26:45 Chain Barding Armor
31:25 Imperial Age
29:16 Forging
29:21 Husbandry
29:31 Fletching
29:41 Padded Archer Armor
29:55 Town Watch
30:35 Bodkin Arrow
30:56 Leather Archer Armor
32:00 Iron Casting
31:42 Elite Steppe Lancer
33:40 Blast Furnace
32:58 Bracer
33:20 Ballistics
34:12 Conscription
34:50 Drill
35:47 Elite Mangudai
37:34 Chemistry
39:35 Parthian Tactics
39:15 Thumb Ring
39:24 Light Cavalry
41:34 Capped Ram
42:03 Hussar
42:45 Siege Ram
jetty8282-한국인
11:31 Feudal Age
12:44 Stone Mining
15:26 Castle Age
13:13 Double-Bit Axe
14:03 Gold Mining
15:01 Horse Collar
15:34 Loom
16:39 Bow Saw
16:29 Heavy Plow
17:44 Fletching
20:26 Bodkin Arrow
22:11 Ballistics
23:23 Padded Archer Armor
27:47 Wheelbarrow
31:27 Imperial Age
30:30 Leather Archer Armor
31:24 Stone Shaft Mining
31:05 Hand Cart
31:31 Thumb Ring
32:31 Conscription
32:23 Bracer
33:24 Chemistry
33:28 Two-Man Saw
32:58 Crop Rotation
33:25 Ring Archer Armor
34:19 Guilds
36:18 Treadmill Crane
36:16 Elite Genoese Crossbowman
38:59 Forging
38:54 Scale Barding Armor
40:01 Iron Casting
40:06 Chain Barding Armor
40:02 Bloodlines
39:18 Light Cavalry
40:00 Husbandry
39:59 Hussar
41:47 Blast Furnace
42:07 Plate Barding Armor
45:47 Cavalier
50:44 Elite Skirmisher
73624617386501790
10:55 Feudal Age
11:31 Double-Bit Axe
14:41 Castle Age
14:02 Horse Collar
18:31 Bow Saw
21:15 Heavy Plow
22:56 Wheelbarrow
22:22 Loom
25:17 Town Watch
27:22 Hand Cart
31:19 Imperial Age
29:09 Gold Mining
30:03 Scale Mail Armor
30:14 Forging
29:44 Pikeman
30:24 Squires
30:10 Arson
31:26 Capped Ram
32:24 Siege Ram
32:47 Halberdier
33:50 Chain Mail Armor
34:34 Onager
37:00 Siege Onager
44:59 Plate Mail Armor
45:04 Iron Casting
49:11 Blast Furnace
48:03 Fletching
53:07 Gambesons
56:10 Siege Engineers
Mapo
6:59 Loom
8:56 Feudal Age
12:46 Loom
16:04 Castle Age
21:33 Horse Collar
23:06 Gold Mining
23:05 Double-Bit Axe
33:02 Heavy Plow
33:14 Bow Saw
34:02 Stone Mining
35:29 Wheelbarrow
37:33 Bloodlines
37:24 Husbandry
38:49 Gold Mining
39:28 Scale Barding Armor
40:21 Chain Barding Armor
40:12 Forging
43:42 Imperial Age
41:53 Iron Casting
44:17 Stone Shaft Mining
45:28 Hand Cart
47:10 Blast Furnace
46:46 Plate Barding Armor
46:05 Cavalier
48:55 Light Cavalry
50:28 Ballistics
50:46 Padded Archer Armor
50:36 Elite Skirmisher
51:17 Hussar
52:48 Leather Archer Armor
57:11 Capped Ram
57:14 Elite Conquistador
58:03 Town Watch
59:20 Two-Man Saw
59:01 Conscription
Lucky_Bois_VN
9:41 Feudal Age
15:23 Castle Age
13:38 Horse Collar
13:51 Double-Bit Axe
16:37 Bow Saw
17:50 Wheelbarrow
17:13 Stone Mining
18:47 Loom
22:13 Ballistics
22:05 Fletching
22:38 Heavy Plow
22:30 Gold Mining
23:06 Bodkin Arrow
23:53 Padded Archer Armor
25:00 Leather Archer Armor
25:12 Thumb Ring
26:42 Hand Cart
26:13 Town Watch
32:38 Imperial Age
29:53 Elite Skirmisher
30:32 Murder Holes
33:40 Stone Shaft Mining
32:58 Treadmill Crane
33:22 Bracer
33:02 Pikeman
33:43 Squires
34:51 Two-Man Saw
35:15 Chemistry
36:13 Crop Rotation
35:18 Elite Rattan Archer
36:48 Siege Engineers
36:53 Masonry
37:07 Scale Mail Armor
37:18 Forging
38:37 Ring Archer Armor
38:23 Chain Mail Armor
39:08 Guilds
39:29 Coinage
38:25 Halberdier
39:42 Iron Casting
40:06 Hoardings
40:52 Fortified Wall
41:15 Town Patrol
42:36 Plate Mail Armor
42:46 Banking
45:11 Paper Money
47:38 Guard Tower
47:33 Arrowslits
50:44 Keep
51:35 Bloodlines
51:26 Husbandry
50:50 Light Cavalry
53:32 Capped Ram
54:16 Imperial Skirmisher
as8923221
11:47 Feudal Age
13:11 Double-Bit Axe
15:27 Castle Age
13:34 Horse Collar
14:14 Stone Mining
17:04 Bow Saw
23:52 Wheelbarrow
23:04 Loom
33:47 Fletching
35:07 Heavy Plow
37:29 Bodkin Arrow
38:31 Fortified Wall
40:25 Padded Archer Armor
43:29 Hand Cart
47:40 Imperial Age
46:34 Husbandry
46:45 Bloodlines
46:52 Scale Barding Armor
47:11 Forging
47:59 Chain Barding Armor
49:15 Iron Casting
48:56 Leather Archer Armor
48:42 Bracer
48:17 Cavalier
50:06 Plate Barding Armor
50:36 Chemistry
51:06 Paladin
53:42 Blast Furnace
53:16 Ring Archer Armor
53:42 Light Cavalry
56:08 Hussar
59:16 Two-Man Saw
58:35 Scale Mail Armor
Dd
11:15 Feudal Age
15:32 Castle Age
13:37 Double-Bit Axe
16:22 Scale Barding Armor
22:58 Wheelbarrow
22:10 Loom
23:47 Bow Saw
28:43 Forging
31:31 Imperial Age
28:53 Gold Mining
30:20 Chain Barding Armor
31:06 Iron Casting
30:43 Husbandry
31:47 Scale Mail Armor
31:35 Cavalier
32:39 Hand Cart
33:59 Conscription
34:24 Gold Shaft Mining
35:33 Chain Mail Armor
36:20 Blast Furnace
36:12 Pikeman
39:24 Elite Throwing Axeman
41:58 Light Cavalry
44:15 Plate Mail Armor
44:22 Plate Barding Armor
43:50 Paladin
47:32 Elite Skirmisher
49:08 Fletching
49:19 Padded Archer Armor
Stuve
10:46 Feudal Age
11:37 Double-Bit Axe
11:33 Horse Collar
11:45 Man-at-Arms
12:29 Scale Mail Armor
23:09 Castle Age
22:15 Wheelbarrow
21:50 Stone Mining
22:16 Gold Mining
24:04 Bow Saw
23:55 Heavy Plow
27:21 Fletching
27:32 Padded Archer Armor
27:46 Bloodlines
28:09 Bodkin Arrow
29:24 Leather Archer Armor
29:33 Ballistics
30:09 Leather Archer Armor
30:07 Masonry
34:20 Imperial Age
33:25 Hand Cart
35:15 Thumb Ring
36:13 Chemistry
35:50 Conscription
37:22 Elite Kipchak
38:35 Ring Archer Armor
38:25 Murder Holes
38:24 Light Cavalry
40:00 Hussar
40:46 Scale Barding Armor
40:52 Forging
42:27 Chain Barding Armor
42:17 Forging
51:31 Plate Barding Armor
51:31 Iron Casting
Connection lost

Rejoining the realm…

Still unreachable

The connection could not be restored.

Session expired

The server has moved on; the page needs a fresh start.